 Dungeon Crawl Stone Soup version 0.29.1 (webtiles) character file.

Game seed: 15219387913998413985

56 masschaos23 the Trooper (level 3, 0/33 HPs)
             Began as a Hill Orc Fighter on Sept 15, 2022.
             Slain by a hobgoblin (3 damage)
             ... led by Robin
             ... on level 2 of the Dungeon.
             The game lasted 00:03:35 (882 turns).

masschaos23 the Trooper (Hill Orc Fighter)           Turns: 882, Time: 00:03:36

Health: 0/33       AC:  8    Str: 20    XL:     3   Next: 95%
Magic:  3/3        EV:  9    Int:  8    God:
Gold:   58         SH:  4    Dex: 10    Spells: 2/2 levels left

rFire   . . .      SeeInvis .   a - +0 war axe
rCold   . . .      Faith    .   c - +0 buckler
rNeg    . . .      Spirit   .   b - +0 scale mail
rPois   .          Reflect  .   (no helmet)
rElec   .          Harm     .   (no cloak)
rCorr   .          Rampage  .   o - +0 pair of gloves
Will    .....                   (no boots)
Stlth   ..........              (no amulet)
HPRegen 0.11/turn               (no ring)
MPRegen 0.08/turn               (no ring)

@: no status effects
A: no striking features
a: no special abilities


You were on level 2 of the Dungeon.
You visited 1 branch of the dungeon, and saw 2 of its levels.

You collected 58 gold pieces.

Inventory:

Hand Weapons
 a - a +0 war axe (weapon)
Armour
 b - a +0 scale mail (worn)
 c - a +0 buckler (worn)
 o - a +0 pair of gloves (worn)
Magical Staves
 e - a staff of air
Jewellery
 j - a ring of flight
Scrolls
 f - a scroll of amnesia {unknown}
 h - a scroll of butterflies {unknown}
 i - a scroll of noise {unknown}
 l - a scroll of vulnerability {unknown}
 m - a scroll of teleportation {unknown}
 n - a scroll of identify {unknown}
Potions
 d - a potion of might
 g - a potion of curing {unknown}
 k - a potion of cancellation {unknown}


   Skills:
 + Level 4.2 Fighting
 * Level 4.1 Axes
 + Level 3.7 Armour
 + Level 3.6 Shields


You had 2 spell levels left.
You didn't know any spells.
Your spell library contained the following spells:

 Spells                   Type           Power      Damage    Failure   Level
 Leda's Liquefaction      Hex/Erth       0%         N/A       100%        4
 Lee's Rapid Deconstruct  Erth           0%         3d5*      100%        5
 Statue Form              Tmut/Erth      0%         N/A       100%        6


Dungeon Overview and Level Annotations

Branches:
Dungeon (2/15)

Altars:


Message History

The hobgoblin hits you but does no damage.
The ball python bites you but does no damage.
The ball python closely misses you.
You closely miss the ball python. You barely miss the hobgoblin.
The ball python closely misses you. You block the ball python's attack.
The hobgoblin barely misses you.
You barely miss the hobgoblin. You barely miss the ball python.
The ball python bites you but does no damage.
The ball python grabs you. The ball python constricts you.
The hobgoblin hits you but does no damage.
The ball python bites you. The ball python constricts you.
The hobgoblin hits you.
* * * LOW HITPOINT WARNING * * *
You hit the hobgoblin.
The hobgoblin is lightly wounded.
You hit the ball python. The ball python barely misses you.
The ball python constricts you. You block the hobgoblin's attack.
The ball python closely misses you. The ball python constricts you.
You hit the hobgoblin.
The hobgoblin is almost dead.
You hit the ball python.
You kill the ball python!
The hobgoblin barely misses you.
You barely miss the hobgoblin.
The hobgoblin is almost dead.
You closely miss the goblin.
A bat comes into view.
The goblin hits you but does no damage.
The hobgoblin hits you but does no damage.
The goblin hits you but does no damage. The hobgoblin hits you.
* * * LOW HITPOINT WARNING * * *
You completely miss the hobgoblin.
The hobgoblin is almost dead.
You hit the goblin. The goblin barely misses you.
You block the hobgoblin's attack.
You barely miss the hobgoblin.
The hobgoblin is almost dead.
You closely miss the goblin. The goblin hits you but does no damage.
The hobgoblin hits you.
You die...

########## .##
#........##..####
#................
#......<†.#
#########.## ##
#..# ... ##)###
.... #)))# ..K.g
###@#......
#ggb.....
###...... ##.#.#
#


You could see a hobgoblin (strong), a goblin (strong) and a bat.

Vanquished Creatures
  Robin (D:2)
  A gnoll (D:1)
  A worm (D:2)
  A dart slug (D:1)
  2 ball pythons
  An endoplasm (D:1)
  A giant cockroach (D:1)
  12 goblins
  3 hobgoblins
  2 kobolds
  2 rats (D:1)
27 creatures vanquished.

Notes
Turn   | Place    | Note
-------+----------+-------------------------------------------
     0 | D:1      | masschaos23 the Hill Orc Fighter began the quest for the
                  | Orb.
     0 | D:1      | Reached XP level 1. HP: 19/19 MP: 1/1
   148 | D:1      | Reached XP level 2. HP: 27/27 MP: 2/2
   570 | D:1      | Reached XP level 3. HP: 16/33 MP: 3/3
   866 | D:2      | Noticed Robin
   874 | D:2      | Killed Robin
   882 | D:2      | Slain by a hobgoblin

Illustrated notes

Levels and vault maps discovered:
D:1:      lemuel_arrival_behind_the_door_small, layout_rooms, st_stairs_5
D:2:      layout_rooms, serial_shops, nicolae_shop_behind_doors,
          dreamdust_ecumenical_altar_statues, minmay_close_crescents,
          uniq_natasha, uniq_robin

Skill      XL: |  1  2  3 |
---------------+----------+-----
Axes           | 3 4 |  4.1
Fighting       | 4 |  4.2
Armour         | |  3.7
Shields        | |  3.6

Action                   || total
-------------------------++-------
Melee: War axe           ||    54
Armor: Scale mail        ||    27
Dodge: Dodged            ||    32
Block: Buckler           ||    13
